 Dungeon Crawl Stone Soup version 0.29.1-12-g30fa7ad0bf (webtiles) character file.

Game seed: 14117700592359271564

21 ThatPearl the Vexing (level 2, 0/23 HPs)
             Began as a Gnoll Arcane Marksman on Jan 3, 2023.
             Slain by a goblin
             ... wielding a +0 dagger
             ... led by Robin
              (3 damage)
             ... on level 1 of the Dungeon.
             The game lasted 00:01:35 (679 turns).

ThatPearl the Vexing (Gnoll Arcane Marksman)         Turns: 679, Time: 00:01:36

Health: 0/23       AC:  5    Str:  9    XL:     2   Next: 87%
Magic:  4/5        EV: 11    Int: 12    God:
Gold:   38         SH:  0    Dex: 12    Spells: 5/6 levels left

rFire   . . .      SeeInvis .   a - +1 sling
rCold   . . .      Faith    .   (no shield)
rNeg    . . .      Spirit   .   g - +0 ring mail
rPois   .          Reflect  .   (no helmet)
rElec   .          Harm     .   (no cloak)
rCorr   .          Rampage  .   (no gloves)
Will    .....                   (no boots)
Stlth   +.........              (no amulet)
HPRegen 0.07/turn               (no ring)
MPRegen 0.09/turn               (no ring)

@: no status effects
A: fangs 1, strong nose, distributed training
a: no special abilities


You were on level 1 of the Dungeon.
You visited 1 branch of the dungeon, and saw 2 of its levels.

You collected 38 gold pieces.

Inventory:

Hand Weapons
 a - a +1 sling (weapon)
Armour
 g - a +0 ring mail (worn)
Jewellery
 d - an amulet of faith
Scrolls
 b - a scroll of poison
 f - a scroll of blinking {unknown}
Potions
 e - a potion of curing {unknown}
 h - a potion of might {unknown}


   Skills:
 + Level 2.5 Fighting
 + Level 0.5 Short Blades
 + Level 0.5 Long Blades
 + Level 0.5 Axes
 + Level 0.5 Maces & Flails
 + Level 0.5 Polearms
 + Level 0.5 Staves
 + Level 4.5 Ranged Weapons
 + Level 0.5 Throwing
 + Level 0.5 Armour
 + Level 4.5 Dodging
 + Level 0.5 Stealth
 + Level 0.5 Shields
 + Level 0.5 Unarmed Combat
 + Level 2.7 Spellcasting
 + Level 0.4 Conjurations
 + Level 5.4 Hexes
 + Level 0.4 Summonings
 + Level 0.4 Necromancy
 + Level 0.4 Translocations
 + Level 0.4 Transmutations
 + Level 0.4 Fire Magic
 + Level 0.4 Ice Magic
 + Level 0.4 Air Magic
 + Level 0.4 Earth Magic
 + Level 0.4 Poison Magic
 + Level 0.7 Invocations
 + Level 0.5 Evocations


You had 5 spell levels left.
You knew the following spells:

 Your Spells              Type           Power      Damage    Failure   Level
a - Slow                  Hex            56%        N/A       8%          1

Your spell library contained the following spells:

 Spells                   Type           Power      Damage    Failure   Level
 Inner Flame              Hex/Fire       8%         N/A       54%         3
 Portal Projectile        Hex/Tloc       16%        N/A       54%         3
 Cause Fear               Hex            7%         N/A       58%         4
 Ozocubu's Armour         Ice            2%         N/A       87%         3
 Ozocubu's Refrigeration  Ice            1%         4d7       100%        7


Dungeon Overview and Level Annotations

Branches:
Dungeon (2/15)

Altars:

Annotations:
D:1 Robin


Innate Abilities, Weirdness & Mutations

You have very sharp teeth.
Your uncanny sense of smell can sniff out nearby items.
Your experience applies equally to all skills.


Message History

Okay, then.
The goblin attacks as you move away! The goblin misses you.
The goblin closely misses you. The goblin attacks as you move away!
The goblin hits you with a +0 dagger.
The goblin shoots a sling bullet.
The sling bullet hits you.
The goblin unwields a +0 club.
The goblin wields a +0 sling.
The goblin shoots a sling bullet.
The sling bullet hits you but does no damage.
Robin hits you but does no damage. The goblin hits you with a +0 dagger.
The goblin attacks as you move away! The goblin hits you but does no damage.
The goblin unwields a +0 dagger.
The goblin wields a +0 sling.
The goblin shoots a sling bullet.
The sling bullet barely misses you.
Robin roars a battlecry!
The goblins go into a battle-frenzy!
The goblin attacks as you move away! The goblin hits you with a +0 dagger.
* * * LOW HITPOINT WARNING * * *
The goblin shoots a sling bullet.
The sling bullet hits you but does no damage.
The goblin shoots a sling bullet.
The sling bullet barely misses you. Robin throws the goblin at you!
The goblin attacks as you move away!
The goblin unwields a +0 sling.
The goblin wields a +0 dagger.
The goblin hits you with a +0 dagger.
* * * LOW HITPOINT WARNING * * *
The goblin attacks as you move away! The goblin misses you.
The goblin unwields a +0 dagger.
The goblin wields a +0 sling.
The goblin shoots a sling bullet.
The sling bullet misses you.
There is an open door here.
The goblin attacks as you move away! The goblin hits you with a +0 dagger.
* * * LOW HITPOINT WARNING * * *
The goblin shoots a sling bullet.
The sling bullet completely misses you.
There's a creature in the doorway!
Aiming: Slow (safe; 8% risk of failure)
Press: ? - help, Q - select action, (/) - cycle Shift-Dir - straight line, f - goblin
Aim: a goblin, wielding a +0 dagger (strong, chance to affect: 71%)
The goblin struggles to resist.
The goblin completely misses you.
You see here 2 stones.
The goblin attacks as you move away! The goblin hits you but does no damage.
The goblin attacks as you move away! The goblin hits you with a +0 dagger.
You die...

####..#####.# #....
#..#........# #....
##..#......###
#....
#...#......#######
##...
##..#....#.......#
#...
#..##.#.#######.#
#... #.....#.# #.#
####... ##.#####.#
#.# #..'...
#........# #@#
#.##... ##########
#g# #.###'#
#.##########.# #.#
#g##.......#.# #.#
#g##.......#.# #.#
#.#...g....#.# #..
######g#........#.#
#.[
#......g........'.#
#..
#............>..###
#..


You could see Robin and 4 goblins.

Vanquished Creatures
  2 dart slugs (D:1)
  4 ball pythons (D:1)
  An endoplasm (D:1)
  2 giant cockroaches (D:1)
  A goblin (D:1)
  2 hobgoblins (D:1)
  A kobold (D:1)
  A quokka (D:1)
  A rat (D:1)
15 creatures vanquished.

Notes
Turn   | Place    | Note
-------+----------+-------------------------------------------
     0 | D:1      | ThatPearl the Gnoll Arcane Marksman began the quest for the
                  | Orb.
     0 | D:1      | Reached XP level 1. HP: 17/17 MP: 4/4
   231 | D:1      | Reached XP level 2. HP: 23/23 MP: 5/5
   399 | D:1      | Found a faded altar of an unknown god.
   658 | D:2      | Noticed Robin
   679 | D:1      | Slain by a goblin

Illustrated notes

Levels and vault maps discovered:
D:1:      evilmike_arrival_fibonacci_small, layout_basic, serial_glass,
          glass_columns_c, glass_columns_c, chequers_ecumenical_altar_island,
          minmay_tiny_reverse_x
D:2:      layout_basic, serial_shops, nicolae_shop_hallway_stairs, uniq_robin

Action                   || total
-------------------------++-------
 Fire: Sling             ||    45
 Cast: Slow              ||     1
Armor: Ring mail         ||    16
       Robe              ||     1
Dodge: Dodged            ||    27
